 Dungeon Crawl Stone Soup version 0.28.0-49-g6dfe1f597d (webtiles) character file.

Game seed: 15244310257869020299

25 nickcage the Insei (level 3, 0/23 HPs)
             Began as an Octopode Transmuter on May 17, 2022.
             Frozen to death by an endoplasm (5 damage)
             ... on level 2 of the Dungeon.
             The game lasted 00:03:31 (1071 turns).

nickcage the Insei (Octopode Transmuter)            Turns: 1071, Time: 00:03:32

Health: 0/23       AC:  1    Str:  9    XL:     3   Next: 4%
Magic:  5/6        EV: 13    Int: 17    God:
Gold:   61         SH:  0    Dex: 12    Spells: 3/7 levels left

rFire   . . .      SeeInvis .   d - +0 dagger
rCold   . . .      Faith    .   (no shield)
rNeg    . . .      Spirit   .   (helmet currently unavailable)
rPois   .          Reflect  .   (no amulet)
rElec   .          Harm     .   (no ring)
rCorr   .          Rampage  .   (no ring)
Will    .....                   (no ring)
Stlth   ++........              (no ring)
HPRegen 0.07/turn               (no ring)
MPRegen 0.10/turn               (no ring)
                                (no ring)
                                (no ring)

@: appendages (expiring)
A: tentacle spike 3, almost no armour, amphibious, 8 rings, camouflage 1,
gelatinous body 1, (nimble swimmer 1), tentacles
a: End Transformation


You were on level 2 of the Dungeon.
One of your tentacles had grown a beastly spike.
You visited 1 branch of the dungeon, and saw 2 of its levels.

You collected 61 gold pieces.

Inventory:

Hand Weapons
 d - a +0 dagger (weapon)
Jewellery
 a - a ring of fire
Wands
 e - a wand of paralysis (11)
Scrolls
 b - 2 scrolls of identify {unknown}
Potions
 c - 2 potions of curing {unknown}
 f - a potion of attraction {unknown}


   Skills:
 - Level 1.0 Fighting
 - Level 2.0 Dodging
 - Level 3.0 Unarmed Combat
 + Level 2.5 Spellcasting
 * Level 2.9 Transmutations


You had 3 spell levels left.
You knew the following spells:

 Your Spells              Type           Power      Damage    Failure   Level
a - Beastly Appendage     Tmut           24%        N/A       5%          1
b - Spider Form           Tmut/Pois      7%         N/A       30%         3

Your spell library contained the following spells:

 Spells                   Type           Power      Damage    Failure   Level
 Wereblood                Tmut           12%        N/A       9%          2
 Ice Form                 Ice/Tmut       7%         N/A       69%         4


Dungeon Overview and Level Annotations

Branches:
Dungeon (2/15)

Altars:


Innate Abilities, Weirdness & Mutations

One of your tentacles has grown a beastly spike.
You cannot wear most types of armour.
You are amphibious.
You can wear up to eight rings at the same time.
Your skin changes colour to match your surroundings (Stealth+).
Your rubbery body absorbs attacks. (AC +1, EV +1)
((You are camouflaged when in or above water. (Stealth+)))
You have tentacles for arms and can constrict up to eight enemies at once.


Message History

Your squeeze misses the jackal. The jackal bites you.
* * * LOW HITPOINT WARNING * * *
You barely miss the jackal. You grab the jackal.
You pierce the jackal, but do no damage.
You constrict the jackal, but do no damage.
The jackal misses you.
You barely miss the jackal.
Your tentacle spike misses the jackal.
You constrict the jackal. The jackal closely misses you. x2
You hit the jackal but do no damage.
You pierce the jackal, but do no damage.
The jackal is lightly wounded.
Your transformation is almost over.
You constrict the jackal. The jackal misses you.
You hit the jackal but do no damage.
You pierce the jackal.
You kill the jackal!
This spell is extremely dangerous to cast!
Memorise Spider Form, consuming 3 spell levels and leaving 3?
You start memorising the spell.
You continue memorising. x3
You finish memorising.
Spell assigned to 'b'.
Your tentacle spike disappears.
Magic restored.
An endoplasm comes into view.
You see here a jackal corpse.
The endoplasm quivers.
You are too injured to fight recklessly!
Casting: Beastly Appendage (safe; 5% risk of failure)
Press: ? - help, Q - select action, (/) - cycle Dir - look around, f - activate One of your tentacles grows a vicious spike.
You see here a jackal corpse.
The endoplasm hits you.
* * * LOW HITPOINT WARNING * * *
You hit the endoplasm.
You pierce the endoplasm.
The endoplasm is heavily wounded.
Your transformation is almost over.
The endoplasm barely misses you.
You hit the endoplasm but do no damage.
The endoplasm is heavily wounded.
The endoplasm freezes you.
You are frozen.
You die...

#####...###....... #..
......#.##...##.. #.#
.######....#.##.# #.#
.######<..##..#.## #.#
........#.# #....###.#
.###..#...###..#..##.##
.#.)..#.#..#..###.....# ..# ..
.#.#...[#(.#.#######..## #..##.#
.#.#...##......J@†.....####......
.#.#.#..#....#####.##............
.....##.#....# #.##..##........
............## ##.###b##........
.###........... ...###..##.......
## ###...##..## #....#...†......
#....##..# #.##...#........
...#.. #.. ..###..#.......#
...###.. . #..........#


You could see an endoplasm.

Vanquished Creatures
  3 endoplasms
  2 giant cockroaches (D:1)
  3 hobgoblins (D:1)
  4 jackals
  2 ball pythons (D:1)
  2 bats (D:2)
  A frilled lizard (D:1)
  2 kobolds (D:2)
  2 rats
21 creatures vanquished.

Notes
Turn   | Place    | Note
-------+----------+-------------------------------------------
     0 | D:1      | nickcage the Octopode Transmuter began the quest for the
                  | Orb.
     0 | D:1      | Reached XP level 1. HP: 13/13 MP: 3/3
   416 | D:1      | Reached XP level 2. HP: 16/18 MP: 3/5
  1020 | D:2      | Reached XP level 3. HP: 5/23 MP: 4/6
  1029 | D:2      | Learned a level 3 spell: Spider Form
  1071 | D:2      | Frozen to death by an endoplasm

Illustrated notes

Levels and vault maps discovered:
D:1:      nzn_arrival_water_spiral, layout_basic
D:2:      layout_rooms, hellmonk_ecumenical_altar_leap_of_faith,
          serial_bayou_pond_d, minmay_misc_feat_rugged

Action                   || total
-------------------------++-------
Melee: Unarmed           ||    29
       Kick              ||    19
       Constrict         ||    10
       Tentacles         ||     7
       Dagger            ||    32
 Cast: Beastly Appendage ||    12
 Stab: Sleeping          ||     4
Armor: Skin              ||    10
Dodge: Dodged            ||    66
